 Dungeon Sprint DCSS version 0.21.1-1-g345015f (webtiles) character file.

84 Dfrag the Skirmisher (level 4, -5/55 HPs)
             Began as an Ogre Berserker on Feb 24, 2018.
             Was a Believer of Trog.
             Slain by a human (8 damage)
             ... in the Dungeon (Sprint III: "The Ten Rune Challenge").
             The game lasted 00:00:41 (364 turns).

Dfrag the Skirmisher (Ogre Berserker)                Turns: 364, Time: 00:00:42

Health: -5/55      AC:  4    Str: 22    XL:     4   Next: 45%
Magic:  4/4        EV: 11    Int:  8    God:    Trog [**....]
Gold:   0          SH:  0    Dex:  8    Spells: 3/3 levels left

rFire    . . .     SeeInvis .   a - +0 mace
rCold    . . .     Gourm    .   (no shield)
rNeg     . . .     Faith    .   j - +1 robe {MR+}
rPois    .         Spirit   .   (helmet restricted)
rElec    .         Reflect  .   (no cloak)
rCorr    .         Harm     .   (gloves unavailable)
MR       +++..     NoTele   +   (boots unavailable)
Stlth    +.........             (no amulet)
HPRegen  1.18/turn              (no ring)
MPRegen  0.09/turn              (no ring)

@: berserk cooldown, regenerating, slowed, very slow
A: large, unfitting armour, tough skin 1
a: Berserk, Trog's Hand, Burn Spellbooks, Renounce Religion


You were in the Dungeon.
You worshipped Trog.
Trog was pleased with you.
You were hungry.

You visited 1 branch

Inventory:

Hand Weapons
 a - a +0 mace (weapon)
Armour
 b - a +0 animal skin
 j - a +1 robe of magic resistance (worn)
Scrolls
 i - a scroll of blinking
Potions
 e - a potion of heal wounds
 f - a potion of haste
 g - 2 potions of magic
 h - a potion of berserk rage
Comestibles
 c - a ration


   Skills:
 + Level 7.5 Fighting
 + Level 5.1 Maces & Flails
 + Level 5.1 Dodging


You had 3 spell levels left.
You didn't know any spells.

Dungeon Overview and Level Annotations

Branches:
Dungeon (1/1)

Altars:


Innate Abilities, Weirdness & Mutations

You are too large for most types of armour.
You have tough skin. (AC +1)


Message History

Unknown command.
Okay, then.
You feel sick.
Unknown command.
Unknown command.
You feel better. The human misses you. The human hits you but does no damage.
You hit the human.
The human is almost dead.
The human closely misses you. The human barely misses you.
You barely miss the human.
The human is almost dead.
The human hits you.
* * * LOW HITPOINT WARNING * * *
Unknown command.
You barely miss the human.
The human is almost dead.
The human hits you!
* * * LOW HITPOINT WARNING * * *
The human hits you!
You die...

▓...#......##
▓..##....†..# .#
▓##.##.##...# .#
##.##.###).# ..#
▓#.####.##..# ...+
▓.###..##..##
#...# ▓#.....##..#
#....#
###..##...##.....#
#..##...@#†.....#
#..###..##p#.....#
#[. #.. ####....#
▓▓▓ ▓▓▓ ▓▓▓▓▓


You could see a human.

Vanquished Creatures
  A scorpion (D)
  Jessica (D)
  2 oozes (D)
  A rat (D)
5 creatures vanquished.

Vanquished Creatures (others)
  2 draconian scorchers (D)
  6 hellions (D)
  A yaktaur (D)
9 creatures vanquished.

Grand Total: 14 creatures vanquished

Notes
Turn   | Place    | Note
-------+----------+-------------------------------------------
     0 | D        | Dfrag the Ogre Berserker began the quest for the Orb.
     0 | D        | Reached XP level 1. HP: 24/24 MP: 1/1
    28 | D        | Reached skill level 5 in Fighting
    28 | D        | Reached XP level 2. HP: 20/35 MP: 2/2
    98 | D        | Killed a hellion
    98 | D        | Killed a hellion
   111 | D        | Killed a hellion
   113 | D        | Killed a hellion
   120 | D        | Killed a hellion
   133 | D        | Killed a white draconian scorcher
   155 | D        | Killed a hellion
   167 | D        | Reached ** piety under Trog
   170 | D        | Noticed Jessica
   170 | D        | Killed a yaktaur
   179 | D        | Killed Jessica
   179 | D        | Reached skill level 6 in Fighting
   179 | D        | Reached XP level 3. HP: 27/44 MP: 3/3
   199 | D        | Killed a white draconian scorcher
   340 | D        | Noticed a scorpion
   350 | D        | Killed a scorpion
   350 | D        | Reached skill level 7 in Fighting
   350 | D        | Reached skill level 5 in Maces & Flails
   350 | D        | Reached skill level 5 in Dodging
   350 | D        | Reached XP level 4. HP: 51/55 MP: 4/4
   359 | D        | HP: 2/55 [human (6)]
   364 | D        | Slain by a human

Skill      XL: |  1  2  3 |
---------------+----------+-----
Maces & Flails | 3 4 5 |  5.1
Dodging        | 3 4 5 |  5.1
Fighting       | 5 6 7 |  7.5

Action                   |  1- 3 |  4- 6 || total
-------------------------+-------+-------++-------
Melee: Mace              |    34 |    11 ||    45
Invok: Berserk           |     2 |       ||     2
       Trog's Hand       |       |     1 ||     1
  Use: Potion            |       |     1 ||     1
Armor: Animal skin       |     7 |       ||     7
       Robe              |       |     1 ||     1
Dodge: Dodged            |    15 |     7 ||    22
